 Dungeon Crawl Stone Soup version 0.25-b1-37-g2669288 (webtiles) character file.

Game seed: 8061507052323646516

2149 GraeshgroMalekh the Cleaver (level 9, 0/83 HPs)
             Began as a Hill Orc Fighter on June 6, 2020.
             Was a Priest of Okawaru.
             Slain by an orc warrior
             ... wielding a +0 short sword
              (3 damage)
             ... on level 9 of the Dungeon.
             The game lasted 00:26:20 (6676 turns).

GraeshgroMalekh the Cleaver (Hill Orc Fighter)      Turns: 6676, Time: 00:26:20

Health: 0/83       AC: 12    Str: 21    XL:     9   Next: 31%
Magic:  9/9        EV:  5    Int:  9    God:    Okawaru [***...]
Gold:   127        SH:  9    Dex: 10    Spells: 8/8 levels left

rFire    . . .     SeeInvis +   a - +0 war axe
rCold    . . .     Gourm    .   c - +0 kite shield
rNeg     . . .     Faith    .   m - +0 chain mail
rPois    .         Spirit   .   (no helmet)
rElec    .         Reflect  .   (no cloak)
rCorr    .         Harm     .   q - +2 pair of gloves
MR       .....     Rnd*Tele +   (no boots)
Stlth    ..........             (no amulet)
HPRegen  0.23/turn              j - ring of see invisible
MPRegen  0.11/turn              y - ring of teleportation

@: no status effects
A: no striking features
a: Heroism, Renounce Religion


You were on level 9 of the Dungeon.
You worshipped Okawaru.
Okawaru was most pleased with you.
You were not hungry.

You visited 1 branch of the dungeon, and saw 9 of its levels.

You collected 127 gold pieces.

Inventory:

Hand Weapons
 a - a +0 war axe (weapon)
 r - a +0 hunting sling
 A - a +2 flail of holy wrath
Missiles
 i - 60 stones (quivered)
 v - 4 curare-tipped darts
Armour
 b - a +0 scale mail
 c - a +0 kite shield (worn)
 g - a +0 leather armour
 m - a +0 chain mail (worn)
 q - a +2 pair of gloves (worn)
 C - a +0 ring mail
Jewellery
 j - a ring of see invisible (left hand)
 y - a ring of teleportation (right hand)
Wands
 k - a wand of digging (3)
 w - a wand of acid (4)
 x - a wand of random effects (13)
Scrolls
 l - 2 scrolls of identify
 n - 2 scrolls of teleportation
 o - a scroll of amnesia {unknown}
 s - a scroll of blinking
 B - a scroll of random uselessness {unknown}
 D - 2 scrolls of enchant armour {unknown}
 E - 3 scrolls of fog {unknown}
Potions
 d - a potion of might
 e - a potion of brilliance {unknown}
 h - 2 potions of curing {unknown}
 p - 3 potions of lignification {unknown}
 t - 2 potions of flight {unknown}
 u - a potion of berserk rage {unknown}
 z - a potion of heal wounds {unknown}
Comestibles
 f - 12 rations


   Skills:
 + Level 9.0 Fighting
 * Level 12.5 Axes
 - Level 3.2 Armour
 - Level 0.7 Dodging
 - Level 0.2 Stealth
 - Level 3.2 Shields


You had 8 spell levels left.
You didn't know any spells.
Your spell library contained the following spells:

 Spells                   Type           Power        Failure   Level  Hunger
 Magic Dart               Conj           #...         100%        1    ##.....
 Blink                    Tloc           N/A          100%        2    ###....
 Call Imp                 Summ           #.......     100%        2    ###....
 Slow                     Hex            #.......     100%        2    ###....
 Conjure Flame            Conj/Fire      #.......     100%        3    ####...
 Mephitic Cloud           Conj/Pois/Air  #.......     100%        3    ####...


Dungeon Overview and Level Annotations

Branches:
Dungeon (9/15)             Temple (0/1) D:4
   Lair: D:8-11         Orc: D:9-12

Altars:
Ashenzari
Dithmenos
Gozag
Makhleb
Okawaru


Message History

The orc warrior is severely wounded.
The orc warrior hits you but does no damage.
You hit the orc warrior but do no damage.
The orc warrior is severely wounded.
The orc warrior hits you with a +0 short sword.
* * * LOW HITPOINT WARNING * * *
You barely miss the orc warrior.
The orc warrior is severely wounded.
The orc warrior hits you with a +0 short sword.
* * * LOW HITPOINT WARNING * * *
Your chain mail prevents you from hitting the orc warrior.
The orc warrior is severely wounded.
You hit the orc warrior but do no damage.
The orc warrior is severely wounded.
The orc warrior hits you with a +0 short sword!
* * * LOW HITPOINT WARNING * * *
You slash the orc warrior!
The orc warrior is almost dead.
The orc warrior hits you with a +0 short sword.
You die...

#... ####... ....... #......
#......#########
#..............[
#.....)).)......
#.......o......)
#.......@.......
#.#####'####....# #####
#........#....# .....
......#........#....# .....
......#........#....# ....
#.....#####'####....###'#
#......................[#
#..%....................#
#.......................#####


You could see an orc warrior.

Vanquished Creatures
  Grinder (D:3)
  A phantom (D:4)
  An ogre (D:8)
  2 centaurs
  A crocodile (D:8)
  2 big kobolds
  A bullfrog (D:8)
  A water moccasin zombie (D:6)
  3 scorpions
  2 crimson imps
  3 hounds
  A bullfrog skeleton (D:4)
  6 orc priests
  A centaur skeleton (D:8)
  5 orc wizards
  Jessica (D:2)
  Ijyb (D:5)
  3 worker ants
  3 iguanas
  Natasha (thrice) (D:2)
  12 gnolls
  4 adders
  A river rat (D:3)
  4 shadow imps
  2 oozes (D:1)
  An adder zombie (D:8)
  3 adder skeletons
  A worm (D:4)
  2 dart slugs
  A leopard gecko (D:2)
  22 orcs
  6 giant cockroaches
  8 goblins
  4 hobgoblins
  5 jackals
  13 kobolds
  4 quokkas
  2 ball pythons
  7 bats
  4 frilled lizards
  A quokka skeleton (D:7)
  A quokka zombie (D:5)
  10 rats
160 creatures vanquished.

Notes
Turn   | Place    | Note
-------+----------+-------------------------------------------
     0 | D:1      | GraeshgroMalekh the Hill Orc Fighter began the quest for
                  | the Orb.
     0 | D:1      | Reached XP level 1. HP: 19/19 MP: 1/1
    14 | D:1      | Reached skill level 3 in Axes
    62 | D:1      | Reached XP level 2. HP: 27/27 MP: 2/2
   759 | D:2      | Found an opulent altar of Gozag.
   778 | D:2      | Reached skill level 4 in Axes
   778 | D:2      | Reached XP level 3. HP: 27/34 MP: 3/3
   875 | D:2      | Noticed Jessica
   880 | D:2      | Killed Jessica
   880 | D:2      | Reached XP level 4. HP: 41/41 MP: 4/4
   996 | D:2      | Reached skill level 5 in Axes
  1156 | D:2      | Noticed Natasha
  1172 | D:2      | Killed Natasha
  1196 | D:2      | Reached XP level 5. HP: 47/47 MP: 5/5
  1228 | D:2      | Noticed Natasha
  1237 | D:2      | Killed Natasha
  1287 | D:2      | Noticed Natasha
  1290 | D:2      | Found an iron altar of Okawaru.
  1290 | D:2      | Found a shattered altar of Ashenzari.
  1294 | D:2      | Became a worshipper of Warmaster Okawaru
  1648 | D:2      | Killed Natasha
  1648 | D:2      | Reached skill level 5 in Fighting
  1648 | D:2      | Reached skill level 6 in Axes
  1671 | D:3      | Noticed Grinder
  1702 | D:3      | Paralysed by Grinder for 2 turns
  1704 | D:3      | Killed Grinder
  1704 | D:3      | Reached * piety under Okawaru
  1704 | D:3      | Reached skill level 7 in Axes
  1704 | D:3      | Reached XP level 6. HP: 14/57 MP: 6/6
  2102 | D:3      | Found a burning altar of Makhleb.
  2258 | D:3      | Reached XP level 7. HP: 53/63 MP: 7/7
  2268 | D:3      | Reached skill level 8 in Axes
  2286 | D:3      | Found a shadowy altar of Dithmenos.
  3091 | D:4      | Found a staircase to the Ecumenical Temple.
  3265 | D:4      | Reached skill level 9 in Axes
  3607 | D:5      | Entered Level 5 of the Dungeon
  3621 | D:5      | Reached XP level 8. HP: 71/71 MP: 8/8
  3642 | D:5      | Reached ** piety under Okawaru
  3678 | D:5      | Noticed Ijyb
  3687 | D:5      | Killed Ijyb
  3980 | D:5      | Reached skill level 10 in Axes
  4909 | D:6      | Reached skill level 11 in Axes
  5707 | D:7      | Reached XP level 9. HP: 52/82 MP: 9/9
  5947 | D:8      | Reached skill level 12 in Axes
  6001 | D:8      | Reached *** piety under Okawaru
  6675 | D:9      | HP: 3/83 [orc warrior/+0 short sword (13)]
  6676 | D:9      | Slain by an orc warrior

Illustrated notes

Levels and vault maps discovered:
D:1:      onia_arrival_handbag, layout_loops_ring, minmay_misc_feat_square
D:2:      layout_basic, gammafunk_temple_overflow_wave, grunt_gozag_statues,
          first_ration, uniq_natasha, uniq_jessica
D:3:      layout_loops_cross, nicolae_dithmenos_through_a_glass_darkly,
          portal_sewer_entry_a, makhleb_heckhound_becter, uniq_grinder
D:4:      layout_cave_pools, minmay_temple_entry_statues_pillars,
          serial_bayou_pond_c
D:5:      layout_basic, minmay_puff, uniq_ijyb
D:6:      layout_rooms, slow_altar_2, dk_noncrumbling_4
D:7:      layout_basic, uniq_harold
D:8:      layout_loops_cross, lemuel_crystal_altar
D:9:      layout_irregular_city, gammafunk_ghost_arena, uniq_erica

Skill      XL: |  1  2  3  4  5  6  7  8  9 |
---------------+----------------------------+-----
Axes           | 3 4 5 7 9 11 12 | 12.5
Fighting       | 4 5 6 8 9 |  9.0
Armour         | |  3.2
Dodging        | |  0.7
Stealth        | |  0.2
Shields        | |  3.2

Action                   |  1- 3 |  4- 6 |  7- 9 || total
-------------------------+-------+-------+-------++-------
Melee: War axe           |    62 |   108 |   391 ||   561
 Fire: Hunting sling     |       |     3 |       ||     3
Throw: Stone             |     1 |    17 |       ||    18
  Use: Scroll            |       |       |     3 ||     3
  Eat: Chunk             |       |     5 |     4 ||     9
       Ration            |       |       |     3 ||     3
Armor: Scale mail        |    11 |       |       ||    11
       Chain mail        |    33 |    53 |   190 ||   276
Dodge: Dodged            |    14 |    15 |    87 ||   116
Block: Kite shield       |    39 |    57 |   159 ||   255
